 Dungeon Crawl Stone Soup version 0.31-a0-1009-g454b1f1e0a (webtiles) character file.

Game seed: 14554459073805790202

2249 Avanven the Basher (level 9, -9/43 HPs)
             Began as a Vine Stalker Fighter on Nov 14, 2023.
             Was a Believer of Okawaru.
             Mangled by a two-headed ogre
             ... wielding a +0 giant club
              (19 damage)
             ... on level 8 of the Dungeon.
             The game lasted 00:09:38 (5278 turns).

Avanven the Basher (Vine Stalker Fighter)           Turns: 5278, Time: 00:09:38

Health: -9/43      AC:  6    Str: 25    XL:     9   Next: 37%
Magic:  0/10       EV:  9    Int: 11    God:    Okawaru [**....]
Gold:   497        SH:  5    Dex: 13    Spells: 8/8 levels left

rFire   + . .        l - +4 whip of the Riding Gods {flame, +Blink Int+3 Dex-2}
rCold   . . .        c - +1 buckler
rNeg    . . .        w - +2 scale mail of Namots {rPois Str+3}
rPois   +            (no helmet)
rElec   .            (no cloak)
rCorr   .            (no gloves)
SInv    .            e - +0 pair of boots
Will    .....        (no amulet) Stlth
                     k - ring of protection from fire
HPRegen 1.07/turn    (no ring)
MPRegen 0.12/turn

%: guardian spirit
@: weak-willed, corroded
A: fangs 3, regeneration 1, magic shield, antimagic bite, no potion heal 2
a: Renounce Religion, Evoke Blink, Heroism


You were on level 8 of the Dungeon.
You worshipped Okawaru.
Okawaru was pleased with you.
You visited 2 branches of the dungeon, and saw 9 of its levels.

You collected 497 gold pieces.

Inventory:

Hand Weapons
 l - the +4 whip of the Riding Gods (weapon) {flame, +Blink Int+3 Dex-2}
   (You found it on level 2 of the Dungeon)

   Int+3:     It affects your intelligence (+3).
   Dex-2:     It affects your dexterity (-2).
   +Blink:    It lets you blink.
Armour
 c - a +1 buckler (worn)
 e - a +0 pair of boots (worn)
 w - the +2 scale mail of Namots (worn) {rPois Str+3}
   (You took it off an orc on level 3 of the Dungeon)

   Str+3:     It affects your strength (+3).
   rPois:     It protects you from poison
Jewellery
 k - a ring of protection from fire (left hand)
 x - a +5 ring of evasion
Wands
 r - a wand of polymorph (8)
 s - a wand of flame (17)
Scrolls
 a - 2 scrolls of torment
 g - a scroll of noise
 h - a scroll of poison
 m - 2 scrolls of teleportation
 v - a scroll of immolation
Potions
 d - a potion of might
 f - 2 potions of brilliance
 i - 3 potions of curing
 j - a potion of lignification {unknown}
 n - 2 potions of enlightenment
 p - a potion of degeneration {unknown}
 t - 2 potions of haste {unknown}


   Skills:
 - Level 2.6 Fighting
 * Level 9.6 Maces & Flails
 + Level 6.0 Armour
 - Level 2.6 Shields


You had 8 spell levels left.
You didn't know any spells.
Your spell library contained the following spells:

 Spells                   Type           Power      Damage    Failure   Level
 Magic Dart               Conj           0%         1d3       67%         1
 Slow                     Hex            0%         N/A       67%         1
 Confusing Touch          Hex            0%         N/A       96%         3
 Mephitic Cloud           Conj/Pois/Air  0%         N/A       96%         3
 Sigil of Binding         Hex            0%         N/A       96%         3
 Vampiric Draining        Necr           0%         2d6       96%         3
 Brom's Barrelling Bould  Conj/Erth      0%         2d3       100%        4
 Borgnjor's Vile Clutch   Necr/Erth      0%         N/A       100%        5
 Fireball                 Conj/Fire      0%         3d3       100%        5
 Iskenderun's Battlesphe  Conj           0%         2d6       100%        5
 Conjure Ball Lightning   Conj/Air       0%         3x3d6     100%        6
 Orb of Destruction       Conj           0%         9d5       100%        7
 Call Imp                 Summ           Unusable   N/A       N/A         2
 Animate Dead             Necr           Unusable   N/A       N/A         4
 Death Channel            Necr           Unusable   N/A       N/A         6

Dungeon Overview and Level Annotations

Branches:
Dungeon (8/15)             Temple (1/1) D:6
   Lair: D:8-11

Altars:
Ashenzari
Cheibriados
Dithmenos
Elyvilon
Fedhas
Gozag
Hepliaklqana
Kikubaaqudgha
Makhleb
Nemelex Xobeh
Okawaru
Qazlal
Ru
Sif Muna
Trog
Uskayaw
Vehumet
Wu Jian
Xom
Yredelemnul
Zin
The Shining One


Innate Abilities, Weirdness & Mutations

You have razor-sharp teeth.
Your natural rate of healing is unusually fast.
When hurt, damage is shared between your health and your magic reserves.
Your bite disrupts and absorbs the magic of your enemies.
Potions cannot restore your health.


Message History

As you read the scroll labelled QUANESM TEUGRE, it crumbles to dust.
The air around you briefly surges with heat, but it dissipates.
It was a scroll of immolation.
As you read the scroll labelled DIPLODGH HAOTESM, it crumbles to dust.
Magic quickly surges around you.
It was a scroll of vulnerability.
Okay, then.
As you read the scroll of identify, it crumbles to dust.
q - 2 potions of heal wounds
As you read the scroll of identify, it crumbles to dust.
u - 2 potions of mutation You drop 2 potions of heal wounds.
You drop 2 potions of mutation.
Okay, then.
You drop a scroll of amnesia.
You drop a +0 scale mail.
Done exploring.
There is a stone staircase leading down here.
You climb downwards.
The two-headed ogre shouts in stereo!
The acid dragon roars!
The orc shouts!
There is a stone staircase leading up here.
There are monsters nearby!
You hit the two-headed ogre but do no damage.
You bite the two-headed ogre. You drain its power.
The two-headed ogre is lightly wounded.
You barely miss the two-headed ogre.
You bite the two-headed ogre, but do no damage.
The two-headed ogre is lightly wounded.
The two-headed ogre hits you with a +0 giant club!!
The two-headed ogre hits you with a +0 giant club!
You hit the two-headed ogre but do no damage.
You bite the two-headed ogre, but do no damage.
The two-headed ogre is lightly wounded.
The acid dragon spits acid at you. The splash of acid hits you.
The acid corrodes you!
You barely miss the two-headed ogre.
The two-headed ogre is lightly wounded.
The two-headed ogre hits you with a +0 giant club!
* * * LOW HITPOINT WARNING * * *
The two-headed ogre hits you with a +0 giant club!!
You die...

#######
##.....##
##.......##
#.....O@..#
#.........#
#.........#
#..o......#
#.........#
#.........#
#...D.....#
#..........


You could see a two-headed ogre, an acid dragon (catching breath) and an orc.

Vanquished Creatures
  Sigmund (D:3)
  3 sky beasts (D:7)
  2 ice beasts
  4 ogres
  2 centaurs
  3 phantoms
  A kobold brigand (D:6)
  2 scorpions
  The ghost of Malachi the Insei, a weakling DsSh (D:3)
  2 hounds
  A gnoll bouda (D:7)
  2 jellies
  An orc priest (D:5)
  Ijyb (D:3)
  2 sleepcaps (D:5)
  2 iguanas
  3 orc wizards
  5 gnolls (D:7)
  13 adders
  A shadow imp (D:6)
  2 ufetubi (D:5)
  A worm (D:4)
  6 dart slugs
  19 orcs
  5 endoplasms
  4 giant cockroaches
  8 goblins
  6 hobgoblins
  4 jackals (D:4)
  3 quokkas
  4 ball pythons
  7 bats
  4 frilled lizards
  13 kobolds
  6 rats
144 creatures vanquished.

Notes
Turn   | Place    | Note
-------+----------+-------------------------------------------
     0 | D:1      | Avanven the Vine Stalker Fighter began the quest for the
                  | Orb.
     0 | D:1      | Reached XP level 1. HP: 11/11 MP: 2/2
    51 | D:1      | Reached skill level 2 in Maces & Flails
   153 | D:1      | Reached XP level 2. HP: 15/16 MP: 3/3
   461 | D:1      | Reached skill level 3 in Maces & Flails
   652 | D:1      | Reached XP level 3. HP: 19/19 MP: 4/4
   869 | D:2      | Reached XP level 4. HP: 23/23 MP: 5/5
   873 | D:2      | Identified the +4 whip of the Riding Gods {flame, +Blink
                  | Int+3 Dex-2}
  1004 | D:2      | Reached skill level 4 in Maces & Flails
  1023 | D:2      | Found a faded altar of an unknown god.
  1574 | D:3      | Noticed Ijyb
  1578 | D:3      | Found a runed translucent gate.
  1578 | D:3      | Found a runed translucent gate.
  1591 | D:3      | Killed Ijyb
  1592 | D:3      | Reached XP level 5. HP: 27/27 MP: 3/6
  1622 | D:3      | Noticed Malachi's ghost (weakling DsSh)
  1751 | D:3      | Noticed a phantom
  1765 | D:3      | Killed a phantom
  1766 | D:3      | Reached skill level 5 in Maces & Flails
  1847 | D:3      | Noticed Sigmund
  1856 | D:3      | Killed Sigmund
  1857 | D:3      | Reached XP level 6. HP: 29/32 MP: 4/7
  1958 | D:3      | Found a shimmering altar of Xom.
  2190 | D:3      | Identified the +5 robe of the Kangaroo {Contam Rampage
                  | Dex+6}
  2191 | D:3      | Identified the +2 scale mail of Namots {rPois Str+3}
  2192 | D:3      | Found a runed translucent gate.
  2591 | D:3      | Killed Malachi's ghost
  2593 | D:3      | Reached XP level 7. HP: 34/35 MP: 5/8
  2713 | D:4      | Reached skill level 6 in Maces & Flails
  2728 | D:4      | You fall into a shaft and drop 3 floors!
  2851 | D:6      | Found a staircase to the Ecumenical Temple.
  2856 | Temple   | Entered the Ecumenical Temple
  2874 | Temple   | Became a worshipper of Warmaster Okawaru
  2891 | D:5      | Entered Level 5 of the Dungeon
  2925 | D:5      | Reached skill level 7 in Maces & Flails
  2958 | D:5      | Gained mutation: You have razor-sharp teeth. [Vine Stalker
                  | growth]
  2958 | D:5      | Reached XP level 8. HP: 36/39 MP: 9/9
  3250 | D:5      | Reached * piety under Okawaru
  3627 | D:4      | Reached skill level 8 in Maces & Flails
  3627 | D:4      | Reached skill level 5 in Armour
  4338 | D:6      | Reached XP level 9. HP: 43/43 MP: 10/10
  4648 | D:7      | Reached skill level 9 in Maces & Flails
  4774 | D:7      | Reached ** piety under Okawaru
  5274 | D:8      | Noticed a two-headed ogre
  5278 | D:8      | Mangled by a two-headed ogre

Illustrated notes

Levels and vault maps discovered:
D:1:      lightli_arrival_isolated_outpost, layout_basic, serial_curves,
          eino_curves_03, eino_curves_03
D:2:      minmay_angry_zag, layout_loops_cross,
          chequers_ecumenical_altar_simple_redux
D:3:      minmay_razor_zed, layout_basic, mainiacjoe_overflow_six_doors_small,
          biasface_ghost_orc_armoury, uniq_sigmund, uniq_ijyb
D:4:      layout_loops_ring, corexii_leaking_fountain
D:5:      nicolae_cairo_tiling_large_dashed, layout_gridville
D:6:      layout_rooms, temple_doors_ab, minmay_tree_intersection
D:7:      layout_loops_ring, enter_bailey_5
D:8:      minmay_gate_of_8, layout_rooms, david_lair_shrubbed
Temple:   compressed_dpeg_circular_temple

Skill      XL: |  1  2  3  4  5  6  7  8  9 |
---------------+----------------------------+-----
Maces & Flails | 2 3 4 5 7 8 9 |  9.6
Armour         | 3 4 5 6 |  6.0
Fighting       | |  2.6
Shields        | |  2.6

Action                     |  1- 3 |  4- 6 |  7- 9 || total
---------------------------+-------+-------+-------++-------
  Melee: Flail             |    76 |       |       ||    76
         Bite              |    12 |    13 |    65 ||    90
         Whip              |       |    98 |   250 ||   348
    Use: Scroll            |       |     1 |    16 ||    17
         Potion            |       |     1 |       ||     1
 Armour: Scale mail        |    55 |    51 |   133 ||   239
  Dodge: Dodged            |    43 |    32 |    73 ||   148
  Block: Buckler           |    19 |     9 |    52 ||    80

Table legend: (Time is in decaauts)
 A = Elapsed time spent in this place.
 B = Non-inter-level travel time spent in this place.
 C = Inter-level travel time spent in this place.
 D = Time resting spent in this place.
 E = Time spent auto-exploring this place.
 F = Levels seen in this place.
 G = Mean time per level.
                   A        B        C        D        E       F      G
               +--------+--------+--------+--------+--------+-----+--------+
         Total |   5235 |   5063 |    172 |     63 |   4008 |   9 |  581.7 |
       Dungeon |   5211 |   5039 |    172 |     63 |   4008 |   8 |  651.4 |
        Temple |     24 |     24 |      0 |      0 |      0 |   1 |   24.0 |
               +--------+--------+--------+--------+--------+-----+--------+

Top non-repeatable levels by time:
     D:3: 1208 daAuts
     D:1: 759 daAuts
     D:2: 744 daAuts
     D:5: 725 daAuts
     D:7: 710 daAuts
     D:4: 620 daAuts
     D:6: 439 daAuts
  Temple: 24 daAuts
     D:8: 2 daAuts
